 Dungeon Crawl Stone Soup version 0.26-a0-599-gc8f6553d2c (webtiles) character file.

Game seed: 17656108724509761430

4566 Gebura the Carver (level 10, 0/69 HPs)
             Began as an Octopode Fighter on Aug 29, 2020.
             Was an Initiate of Gozag.
             Slain by a two-headed ogre
             ... wielding a +0 giant club
              (26 damage)
             ... on level 7 of the Dungeon.
             The game lasted 00:35:02 (11281 turns).

Gebura the Carver (Octopode Fighter)               Turns: 11281, Time: 00:35:03

Health: 0/69       AC:  1    Str: 18    XL:     10   Next: 40%
Magic:  19/19      EV: 16    Int: 12    God:    Gozag
Gold:   587        SH: 10    Dex: 11    Spells: 9/9 levels left

rFire    . . .     SeeInvis .   f - +2 dagger (elec)
rCold    . . .     Faith    .   b - +0 kite shield
rNeg     . . .     Spirit   .   (helmet restricted)
rPois    .         Reflect  .   (no amulet)
rElec    .         Harm     .   i - ring of resist corrosion
rCorr    +                      t - ring of magical power
MR       +....                  x - ring of wizardry
Stlth    ++........             y - ring of protection from magic
HPRegen  0.21/turn              (no ring)
MPRegen  0.16/turn              (no ring)
                                (no ring)
                                (no ring)

@: no status effects
A: almost no armour, stealthy swim, amphibious, 8 rings, constrict 8, camouflage
1, gelatinous body 1
a: Potion Petition, Call Merchant, Bribe Branch, Renounce Religion


You were on level 7 of the Dungeon.
You worshipped Gozag.
Gozag was pleased with you.
You visited 2 branches of the dungeon, and saw 9 of its levels.

You collected 734 gold pieces.
You paid 147 gold pieces to Gozag.

Inventory:

Hand Weapons
 a - a +0 long sword
 f - a +2 dagger of electrocution (weapon)
 k - a +3 scimitar
Armour
 b - a +0 kite shield (worn)
Jewellery
 i - a ring of resist corrosion (left tentacle)
 t - a ring of magical power (right tentacle)
 x - a ring of wizardry (on tentacle)
 y - a ring of protection from magic (on tentacle)
Wands
 p - a wand of random effects (16)
 q - a wand of flame (26)
Scrolls
 e - 4 scrolls of remove curse
 h - a scroll of enchant weapon {unknown}
 j - 5 scrolls of teleportation
 l - 3 scrolls of identify
 m - a scroll of immolation {unknown}
 o - a scroll of random uselessness {unknown}
 r - a scroll of fear {unknown}
 v - 2 scrolls of amnesia {unknown}
 w - 2 scrolls of magic mapping {unknown}
Potions
 n - a potion of ambrosia
 s - 4 potions of mutation
 u - a potion of berserk rage
 z - a potion of stabbing {unknown}
 A - a potion of curing


   Skills:
 + Level 6.7 Fighting
 * Level 9.0 Long Blades
 + Level 8.7 Dodging
 * Level 7.4 Shields


You had 9 spell levels left.
You didn't know any spells.
Your spell library was empty.

Dungeon Overview and Level Annotations

Branches:
Dungeon (8/15)             Temple (1/1) D:7            Lair (0/6) D:8

Altars:
Ashenzari
Cheibriados
Elyvilon
Fedhas
Gozag
Hepliaklqana
Kikubaaqudgha
Makhleb
Nemelex Xobeh
Okawaru
Qazlal
Ru
Sif Muna
Trog
Uskayaw
Vehumet
Wu Jian
Xom
Yredelemnul
Zin

Annotations:
D:3 2 transporters, 1 runed translucent door, Crazy Yiuf; nj0rd12's ghost, amateur HOMo
D:8 Maggie


Innate Abilities, Weirdness & Mutations

You cannot wear most types of armour.
You are very stealthy in the water. (Stealth+)
You are amphibious.
You can wear up to eight rings at the same time.
You can use your tentacles to constrict eight enemies at once.
Your skin changes colour to match your surroundings (Stealth+).
Your rubbery body absorbs attacks. (AC +1, EV +1)


Message History

HP restored.
You see here a ring mail.
Okay, then.
Maggie shouts!
Maggie gestures at you while chanting. The bolt of fire hits you!!
* * * LOW HITPOINT WARNING * * *
Press: ? - help, v - describe, . - travel
Here: Maggie, wielding a +1 glaive of draining, wearing +0 steam dragon scales and carrying a wand of iceblast (12)
The floor.
Maggie zaps a wand.
The mass of ice explodes!
The iceblast engulfs you!!
* * * LOW HITPOINT WARNING * * *
There is a stone staircase leading up, spattered with blood here.
You climb upwards.
The two-headed ogre closely misses you.
The two-headed ogre completely misses you.
There is a stone staircase leading down here.
You see here a poisoned dart.
The two-headed ogre hits you with a +0 giant club!!
You die...
Your body crumbles into a pile of gold.

### ########### ##.##
###.....@>.(###
#.#.#####........O....#
.###..........#####.#.#
#.#.#####.#.#.# #.#.#
..........#.#.# #.#.#
..........#.#.#####.#.#
##.######.#.#.......#.#
#.## #.#.######..#.#
#..# #.......##..#.#


You could see a two-headed ogre.

Vanquished Creatures
  Pikel (D:5)
  A troll (D:8)
  A hippogriff (D:7)
  Grinder (D:3)
  Eustachio (D:3)
  A water moccasin (D:6)
  2 sky beasts (D:6)
  3 orc warriors
  2 phantoms
  3 ogres
  2 wolves (D:8)
  A centaur (D:6)
  7 bullfrogs
  A scorpion (D:7)
  10 wights
  An electric eel (D:8)
  A howler monkey (D:4)
  3 jellies
  5 hounds
  6 orc priests
  10 orc wizards
  Jessica (D:3)
  2 centaur skeletons
  Natasha (thrice) (D:4)
  An iguana (D:5)
  A worker ant (D:6)
  2 killer bee zombies
  A hound skeleton (D:4)
  A gnoll (D:1)
  A howler monkey skeleton (D:6)
  7 adders
  2 shadow imps
  A white imp (D:5)
  2 ufetubi
  2 oozes
  An adder zombie (D:5)
  2 worms
  4 dart slugs
  4 leopard geckos
  33 orcs
  A ball python (D:3)
  5 giant cockroaches
  3 goblins
  4 hobgoblins
  3 jackals (D:3)
  4 quokkas (D:5)
  5 bats
  2 frilled lizards
  8 kobolds
  A leopard gecko zombie (D:6)
  A quokka skeleton (D:3)
  7 rats
178 creatures vanquished.

Notes
Turn   | Place    | Note
-------+----------+-------------------------------------------
     0 | D:1      | Gebura the Octopode Fighter began the quest for the Orb.
     0 | D:1      | Reached XP level 1. HP: 16/16 MP: 1/1
   215 | D:1      | Reached XP level 2. HP: 19/21 MP: 2/2
   431 | D:1      | Reached XP level 3. HP: 26/26 MP: 3/3
   684 | D:2      | Found a blossoming altar of Fedhas.
  1011 | D:2      | Reached skill level 3 in Long Blades
  1011 | D:2      | Reached XP level 4. HP: 17/31 MP: 4/4
  1025 | D:2      | Reached XP level 5. HP: 17/36 MP: 5/5
  1162 | D:2      | Found a sacrificial altar of Ru.
  1444 | D:3      | Noticed Grinder
  1461 | D:3      | Noticed Jessica
  1464 | D:3      | Killed Jessica
  1487 | D:3      | Found a transporter.
  1488 | D:3      | Noticed a phantom
  1503 | D:3      | Found a transporter.
  1504 | D:3      | Noticed nj0rd12's ghost (amateur HOMo)
  1529 | D:3      | Reached XP level 6. HP: 40/43 MP: 6/6
  1571 | D:3      | Found a runed translucent door.
  1572 | D:3      | Noticed Crazy Yiuf
  1843 | D:3      | Reached skill level 4 in Long Blades
  2182 | D:4      | Noticed Eustachio
  2201 | D:4      | Noticed a phantom
  2217 | D:3      | Killed Eustachio
  2217 | D:3      | Reached skill level 5 in Dodging
  2217 | D:3      | Reached XP level 7. HP: 31/48 MP: 7/7
  2535 | D:4      | Noticed Natasha
  2540 | D:4      | Killed Natasha
  2541 | D:4      | Noticed Natasha
  2549 | D:4      | Killed Natasha
  2586 | D:4      | Reached skill level 5 in Long Blades
  2729 | D:4      | Noticed Natasha
  2733 | D:4      | Killed Natasha
  3041 | D:5      | Entered Level 5 of the Dungeon
  3314 | D:5      | Reached XP level 8. HP: 47/54 MP: 8/8
  3584 | D:5      | Noticed Pikel
  3600 | D:5      | Killed Pikel
  3600 | D:5      | Reached skill level 5 in Fighting
  3600 | D:5      | Reached skill level 6 in Long Blades
  3600 | D:5      | Reached skill level 5 in Shields
  3622 | D:5      | Found a shimmering blue altar of Sif Muna.
  4326 | D:6      | Noticed a +0 hand axe
  4326 | D:6      | Noticed a +0 hand axe
  4328 | D:6      | Reached XP level 9. HP: 51/61 MP: 9/9
  4378 | D:6      | Found a hide-covered altar of Uskayaw.
  4683 | D:6      | Reached skill level 7 in Long Blades
  5251 | D:6      | Found an iron altar of Okawaru.
  7438 | D:7      | Reached skill level 8 in Long Blades
  7479 | D:7      | Found a staircase to the Ecumenical Temple.
  7486 | Temple   | Entered the Ecumenical Temple
  7509 | Temple   | Became a worshipper of Gozag Ym Sagoz the Greedy
  8046 | D:7      | Reached XP level 10. HP: 56/68 MP: 10/10
  9047 | D:3      | Killed Grinder
  9577 | D:8      | Noticed a two-headed ogre
  9592 | D:8      | Noticed Maggie
 10435 | D:8      | Reached skill level 9 in Long Blades
 11038 | D:8      | Found a staircase to the Lair.
 11281 | D:7      | Slain by a two-headed ogre

Illustrated notes

Levels and vault maps discovered:
D:1:      dpeg_arrival_pits, layout_basic
D:2:      layout_rooms, old_standard_altar, overflow_temple_1_default
D:3:      layout_rooms, gammafunk_ghost_mausoleum, minmay_vboxes, uniq_jessica,
          uniq_crazy_yiuf_cottage, uniq_grinder
D:4:      layout_rooms, uniq_natasha, uniq_eustachio
D:5:      layout_cave_pools, nicolae_overflow_crystal_walls,
          kennysheep_minor_cross, uniq_pikel
D:6:      layout_basic, dancing_weapons_uskayaw, okawaru_gym_becter
D:7:      layout_loops_ring, minmay_temple_entry_grid, minivault_27
D:8:      lemuel_ice_statue, layout_loops_cross, overflow_temple_1_default,
          erik_lair_island, david_defended_altar_orc, uniq_maggie, uniq_harold
Temple:   lightli_temple_of_artemis

Skill      XL: |  1  2  3  4  5  6  7  8  9 10 |
---------------+-------------------------------+-----
Long Blades    | 3 4 5 6 8 9 |  9.0
Dodging        | 4 5 7 8 |  8.7
Fighting       | 4 5 6 |  6.7
Shields        | 4 5 6 7 |  7.4

Action                   |  1- 3 |  4- 6 |  7- 9 | 10-12 || total
-------------------------+-------+-------+-------+-------++-------
Melee: Long sword        |    13 |       |       |       ||    13
       Constrict         |    13 |    13 |    49 |    16 ||    91
       Tentacles         |     4 |    11 |    50 |    14 ||    79
       Dagger            |    31 |    75 |   299 |    76 ||   481
Throw: Dart              |       |       |    23 |    35 ||    58
       Javelin           |       |       |       |     6 ||     6
Evoke: Wand              |       |     1 |     5 |       ||     6
  Use: Scroll            |       |     2 |    10 |     1 ||    13
       Potion            |       |       |     8 |       ||     8
 Stab: Sleeping          |     1 |     2 |     2 |     1 ||     6
       Distracted        |       |       |     1 |       ||     1
Armor: Skin              |     4 |     1 |     9 |     1 ||    15
Dodge: Dodged            |    20 |    35 |   149 |    46 ||   250
Block: Kite shield       |    23 |    31 |   125 |    36 ||   215
       Rpst.: Long sword |     3 |       |       |       ||     3

Table legend: (Time is in decaauts)
 A = Elapsed time spent in this place.
 B = Non-inter-level travel time spent in this place.
 C = Inter-level travel time spent in this place.
 D = Time resting spent in this place.
 E = Time spent auto-exploring this place.
 F = Levels seen in this place.
 G = Mean time per level.
                   A        B        C        D        E       F      G
               +--------+--------+--------+--------+--------+-----+--------+
         Total |  11261 |  10667 |    594 |   5330 |   2424 |   9 | 1251.2 |
       Dungeon |  11215 |  10641 |    574 |   5330 |   2420 |   8 | 1401.9 |
        Temple |     46 |     26 |     20 |      0 |      4 |   1 |   46.0 |
               +--------+--------+--------+--------+--------+-----+--------+

Top non-repeatable levels by time:
     D:6: 2634 daAuts
     D:7: 1930 daAuts
     D:5: 1674 daAuts
     D:8: 1578 daAuts
     D:4: 996 daAuts
     D:3: 982 daAuts
     D:1: 777 daAuts
     D:2: 640 daAuts
  Temple: 46 daAuts
